Map: Neon Violet Square LE

Players

liquidthermy (uThermal) - Winner!

  • Race: Terran Terran
  • League: Grandmaster
  • Spawn Location: 11:00

Neeblet (Neeb)

  • Race: Protoss Protoss
  • League: Master
  • Spawn Location: 5:00

Event: HomeStory Cup XVI

VOD

Have the link to the VOD?

Description

Time

  • Played on: Nov. 9, 2017, 9:55 a.m.
  • Length: 23:47

All games in this series

Show
View Real Time Build Order
Export as new Build Order

liquidthermy Terran - Winner!

Build Orders: Command Center First (CC), Bio Tank 

Get SALT Encoding   

  12  0:01  SCV  
  13  0:13  SCV  
  14  0:17  Supply Depot  
  14  0:26  SCV  
  15  0:39  SCV  
  16  0:51  SCV  
  17  1:00  Command Center  
  17  1:03  SCV  
  18  1:14  Barracks  
  18  1:17  SCV  
  19  1:29  Barracks  
  19  1:32  SCV  
  20  1:44  SCV  
  21  1:48  Barracks  
  21  1:56  SCV  
  22  2:05  Marine  
  23  2:09  Orbital Command  
  23  2:18  Orbital Command  
  23  2:19  Marine  
  24  2:23  Marine  
  24  2:28  Refinery  
  25  2:34  Refinery  
  25  2:35  SCV  
  25  2:37  Marine  
  26  2:40  Marine  
  28  2:45  SCV  
  28  2:47  SCV, Marine  
  31  2:57  SCV  
  32  2:58  Supply Depot  
  32  2:59  SCV, Barracks Tech Lab  
  32  3:01  Marine  
  32  3:05  Marine  
  35  3:09  Engineering Bay  
  35  3:11  SCV  
  35  3:12  SCV  
  37  3:18  Marine  
  37  3:19  Stimpack  
  37  3:21  Marine  
  37  3:23  Marine  
  37  3:24  SCV  
  40  3:27  SCV  
  41  3:35  Supply Depot  
  41  3:36  SCV  
  41  3:37  Terran Infantry Weapons Level 1  
  41  3:40  SCV  
  43  3:42  Marine  
  43  3:44  Marine  
  43  3:46  Marine  
  46  3:57  SCV x2  
  46  3:58  Factory  
  46  4:01  Supply Depot  
  48  4:05  Marine x3  
  48  4:09  SCV x2  
  53  4:21  SCV  
  53  4:23  Supply Depot, SCV  
  55  4:24  Bunker  
  55  4:28  Marine x3  
  58  4:33  SCV  
  58  4:35  SCV  
  59  4:45  Starport, SCV  
  60  4:46  Factory Reactor  
  60  4:47  Command Center  
  60  4:49  SCV  
  60  4:51  Marine, Barracks Reactor, Barracks Tech Lab  
  62  4:57  Refinery x2, SCV  
  63  5:04  Supply Depot, SCV  
  64  5:09  SCV  
  65  5:16  Supply Depot, SCV  
  65  5:19  Marine  
  65  5:20  Combat Shields, Barracks Reactor  
  66  5:22  SCV  
  66  5:27  Marine x2  
  69  5:29  SCV  
  69  5:31  Terran Infantry Armor Level 1  
  69  5:34  Siege Tank  
  65  5:37  Marine  
  65  5:38  SCV  
  67  5:43  Missile Turret, SCV  
  67  5:45  Marine  
  66  5:50  SCV, Marine  
  66  5:55  SCV, Marine  
  66  5:56  Marine x2  
  72  6:02  Orbital Command  
  72  6:03  Marine  
  72  6:04  SCV  
  72  6:07  SCV  
  72  6:08  Marine  
  75  6:12  Marine  
  75  6:14  Marine  
  75  6:16  SCV  
  75  6:18  Siege Tank  
  81  6:19  SCV  
  81  6:20  Marine x2  
  81  6:24  Medivac  
  86  6:28  SCV x2  
  86  6:29  Marine  
  86  6:30  Armory  
  86  6:31  SCV  
  90  6:35  Marine x2  
  92  6:42  Barracks  
  92  6:43  Barracks  
  92  6:46  SCV  
  93  6:47  Factory  
  93  6:49  Supply Depot, SCV  
  93  6:50  SCV  
  93  6:53  Siege Tank  
  98  6:54  Marine  
  98  6:58  Supply Depot  
  99  7:02  SCV x2  
  99  7:06  Bunker  
  101  7:08  Supply Depot  
  101  7:10  Supply Depot, Marine x3  
  101  7:11  SCV  
  101  7:13  Marine  
  101  7:14  SCV x2  
  108  7:19  Terran Vehicle Weapons Level 1  
  108  7:20  Medivac  
  110  7:23  SCV  
  110  7:25  Terran Infantry Weapons Level 2, Marine  
  110  7:26  SCV  
  110  7:27  Supply Depot, SCV  
  110  7:29  Marine x2  
  116  7:32  Factory Tech Lab  
  116  7:34  Marine  
  116  7:35  Refinery x2, SCV, Marine  
  116  7:36  Marine  
  120  7:39  Siege Tank  
  120  7:43  Marine  
  125  7:47  Marine  
  125  7:48  Marine  
  125  7:49  Missile Turret  
  125  7:50  Medivac, Missile Turret  
  129  7:52  Marine  
  129  7:53  Marine, Siege Tank  
  135  7:59  Barracks Reactor x2  
  135  8:03  Sensor Tower  
  135  8:04  Missile Turret, Marine  
  135  8:05  Supply Depot x2, Marine  
  135  8:06  Marine  
  135  8:09  Liberator x2  
  135  8:10  Marine  
  135  8:11  Marine  
  138  8:14  Siege Tank  
  140  8:22  Marine  
  140  8:23  Marine  
  140  8:26  Marine  
  148  8:28  Supply Depot, Marine  
  148  8:29  Marine  
  148  8:34  Siege Tank  
  153  8:35  Marine  
  153  8:36  Supply Depot, Marine x2  
  153  8:40  Marine x2  
  156  8:43  Marine  
  156  8:50  Marine  
  156  8:52  Marine, Siege Tank  
  156  8:53  Marine  
  162  8:56  Command Center  
  162  9:02  Factory  
  162  9:03  Supply Depot, Marine  
  162  9:07  Marine x4  
  162  9:09  Medivac x2  
  171  9:16  Terran Vehicle Weapons Level 2  
  171  9:18  Marine  
  171  9:19  Marine  
  173  9:25  Siege Tank, Marine x5  
  173  9:27  Marine  
  181  9:34  Supply Depot  
  181  9:35  Supply Depot  
  181  9:39  Marine  
  181  9:46  Terran Infantry Weapons Level 3  
  181  9:51  Factory Tech Lab  
  181  9:53  Supply Depot  
  181  9:56  Marine x8  
  181  9:57  Marine, Siege Tank  
  193  10:00  Siege Tank  
  196  10:10  Planetary Fortress  
  196  10:14  Marine x4  
  200  10:16  Marine x2  
  195  10:23  Marine x2  
  192  10:30  Marine  
  192  10:31  Marine  
  192  10:32  Marine, Siege Tank  
  192  10:33  Siege Tank, Marine  
  192  10:34  Siege Tank  
  200  10:38  Marine  
  200  10:39  Factory  
  200  10:42  Factory  
  191  10:45  Medivac, Marine x2  
  191  10:48  Marine x2  
  190  11:00  Marine x2  
  190  11:04  Siege Tank, Marine x3  
  189  11:08  Siege Tank  
  189  11:09  Siege Tank  
  199  11:13  Marine  
  198  11:22  Marine  
  198  11:25  Marine x2  
  140  11:35  Marine x2  
  140  11:36  Siege Tank  
  140  11:37  Factory Tech Lab, Marine x2  
  140  11:38  Factory Tech Lab  
  140  11:39  Marine  
  131  11:40  Marine, Siege Tank  
  131  11:41  Siege Tank  
  131  11:42  Marine  
  131  11:43  Sensor Tower  
  131  11:45  Marine  
  131  11:46  Marine  
  136  11:51  Medivac  
  136  11:53  Refinery, Marine x2  
  138  11:55  Marine x2  
  138  11:56  Refinery  
  138  11:57  Marine  
  138  11:58  Marine  
  142  12:01  Marine  
  142  12:03  Marine  
  142  12:04  Command Center  
  142  12:06  Orbital Command, Siege Tank  
  147  12:10  Siege Tank  
  147  12:14  Marine  
  150  12:22  Marine  
  135  12:23  Siege Tank  
  135  12:25  Marine  
  135  12:26  Siege Tank  
  135  12:29  Siege Tank, Marine  
  145  12:31  Marine  
  145  12:32  Marine  
  145  12:34  Marine  
  145  12:35  Medivac  
  145  12:36  Marine  
  151  12:42  Marine x3  
  154  12:45  Marine  
  154  12:49  Siege Tank  
  154  12:50  Siege Tank, Marine  
  162  12:53  Marine  
  162  12:57  Medivac  
  165  13:00  Marine x2  
  165  13:03  SCV x3  
  170  13:07  Siege Tank  
  170  13:11  Marine x2  
  175  13:15  SCV x2  
  175  13:16  Siege Tank  
  179  13:20  Siege Tank  
  179  13:21  Marine x2  
  179  13:24  Marine  
  185  13:27  Marine  
  185  13:30  Siege Tank, Marine x2  
  189  13:34  Medivac  
  189  13:36  Medivac  
  189  13:40  Marine  
  189  13:41  Marine  
  194  13:46  Siege Tank, Marine  
  194  13:47  Siege Tank, Marine x3  
  195  13:50  Marine x2  
  195  13:54  Marine  
  195  13:55  Siege Tank  
  190  13:58  Marine x2  
  183  14:03  Marine  
  183  14:05  Marine x3  
  183  14:06  Planetary Fortress  
  183  14:07  Missile Turret  
  183  14:08  Marine  
  183  14:09  Medivac  
  190  14:13  Medivac  
  191  14:19  Marine x2  
  191  14:20  Marine x2  
  194  14:28  Marine, Siege Tank  
  194  14:29  Marine  
  194  14:30  Marine  
  196  14:47  Marine x2  
  196  14:48  Marine x2  
  197  15:00  Marine  
  198  15:07  Marine x2  
  200  15:16  Terran Vehicle Weapons Level 3  
  200  15:17  Command Center  
  200  15:20  Refinery x2  
  191  15:23  Marine, Siege Tank  
  191  15:26  Siege Tank  
  191  15:28  Marine x3  
  145  15:29  Siege Tank  
  145  15:30  Marine x4  
  145  15:31  Siege Tank x2  
  145  15:33  Medivac  
  153  15:36  Marine  
  153  15:41  Marine  
  150  15:46  Marine x3  
  150  15:47  Marine  
  150  15:48  Marine x3  
  157  15:54  Marine  
  157  15:55  Siege Tank  
  157  15:56  Liberator  
  161  15:58  Marine, Siege Tank  
  161  15:59  Liberator  
  161  16:01  Siege Tank  
  161  16:03  Siege Tank  
  161  16:04  Marine x3  
  147  16:05  Marine x2  
  147  16:06  Marine x2  
  148  16:12  Marine  
  148  16:16  Marine  
  156  16:21  Marine x2  
  156  16:22  Marine  
  156  16:23  Siege Tank, Marine x3  
  156  16:24  Marine  
  166  16:27  Siege Tank  
  166  16:29  Marine  
  170  16:33  Siege Tank  
  170  16:34  Marine  
  170  16:39  Marine x2  
  176  16:41  Marine  
  176  16:42  Siege Tank  
  176  16:43  Marine, Liberator, Siege Tank  
  176  16:44  Marine  
  185  16:49  Marine  
  186  16:55  Marine  
  186  16:56  Siege Tank  
  186  16:58  Missile Turret  
  186  16:59  Terran Infantry Armor Level 2  
  193  17:06  Siege Tank, Marine x2  
  198  17:10  Marine x2  
  199  17:16  Marine  
  200  17:26  Marine x2  
  200  17:28  Marine x2  
  197  17:31  Marine  
  197  17:32  Siege Tank, Marine  
  197  17:34  Medivac  
  186  17:40  Siege Tank  
  183  17:45  Marine x2  
  183  17:48  Siege Tank  
  183  17:49  Siege Tank  
  182  17:52  Marine x5, Siege Tank  
  186  17:59  Marine  
  186  18:00  Marine  
  186  18:03  Marine x2  
  186  18:04  Siege Tank  
  188  18:10  Marine x5  
  188  18:12  Siege Tank  
  196  18:17  Marine x2  
  198  18:20  Marine  
  198  18:21  Marine  
  197  18:38  Marine  
  197  18:40  Siege Tank, Marine  
  166  18:41  Siege Tank  
  166  18:42  Marine x2  
  166  18:44  Siege Tank  
  166  18:45  Siege Tank  
  166  18:47  Siege Tank  
  159  18:50  Marine  
  142  19:12  Siege Tank  
  142  19:13  Siege Tank  
  142  19:16  Siege Tank  
  136  19:31  Barracks  
  136  19:32  Barracks  
  136  19:34  Barracks x2  
  136  19:35  Barracks  
  130  19:51  Siege Tank  
  132  20:10  Refinery  
  129  20:22  Marine x2  
  129  20:24  Marine  
  129  20:25  Marine  
  130  20:40  Marine x2  
  130  20:41  Siege Tank  
  130  20:42  Marine x2  
  137  20:53  Siege Tank  
  140  20:58  Marine x2  
  140  21:00  Marine x2  
  140  21:02  Siege Tank  
  147  21:08  Supply Depot  
  147  21:09  Supply Depot  
  147  21:16  Marine x2  
  147  21:18  Liberator, Marine x2  
  149  21:21  Siege Tank  
  151  21:33  Marine x2  
  151  21:36  Marine x2  
  158  21:51  Marine x2  
  158  21:54  Marine x2  
  161  21:57  Siege Tank  
  165  22:09  Marine x2  
  165  22:11  Marine  
  165  22:14  Liberator  
  171  22:24  Supply Depot, Marine  
  171  22:27  Marine x2  
  171  22:29  Liberator, Marine  
  169  22:41  Marine  
  170  22:45  Marine  
  170  22:46  Marine  
  170  22:47  Marine  
  172  23:01  Marine, Siege Tank  
  154  23:12  Siege Tank  
  154  23:19  Marine x2  
Show
View Real Time Build Order
Export as new Build Order

Neeblet Protoss 

Build Orders: 1 Gate Expand, Colossus Rush 

Get SALT Encoding   

  12  0:02  Probe (Chrono Boost)  
  14  0:14  Probe (Chrono Boost)  
  14  0:18  Pylon  
  14  0:26  Probe (Chrono Boost)  
  15  0:32  Probe (Chrono Boost)  
  15  0:37  Gateway  
  15  0:42  Probe (Chrono Boost)  
  16  0:46  Assimilator  
  17  0:54  Probe (Chrono Boost)  
  18  1:06  Probe (Chrono Boost)  
  19  1:18  Probe (Chrono Boost)  
  20  1:24  Nexus  
  20  1:35  Cybernetics Core  
  20  1:38  Probe (Chrono Boost)  
  21  1:42  Assimilator  
  21  1:50  Probe (Chrono Boost)  
  21  1:52  Pylon  
  23  2:02  Probe (Chrono Boost)  
  23  2:08  Probe (Chrono Boost)  
  23  2:14  Warp Gate  
  23  2:15  Adept  
  26  2:17  Probe (Chrono Boost)  
  27  2:28  Robotics Facility  
  27  2:29  Probe (Chrono Boost)  
  28  2:33  Probe (Chrono Boost)  
  29  2:40  Probe (Chrono Boost)  
  29  2:41  Probe (Chrono Boost)  
  33  2:48  Stalker  
  34  2:52  Probe (Chrono Boost)  
  34  2:53  Probe (Chrono Boost)  
  35  3:04  Probe (Chrono Boost)  
  35  3:05  Probe (Chrono Boost)  
  37  3:06  Pylon  
  37  3:16  Probe (Chrono Boost)  
  37  3:17  Probe (Chrono Boost)  
  37  3:18  Robotics Bay  
  37  3:19  Observer  
  40  3:29  Probe x2 (Chrono Boost)  
  40  3:31  Gateway  
  42  3:34  Gateway  
  42  3:35  Warp Prism  
  42  3:41  Probe (Chrono Boost)  
  45  3:44  Probe (Chrono Boost)  
  45  3:47  Assimilator  
  46  3:51  Shield Battery  
  46  3:53  Shield Battery  
  48  3:56  Probe x2 (Chrono Boost)  
  48  3:59  Disruptor  
  48  4:01  Gravitic Drive  
  48  4:02  Assimilator  
  50  4:08  Probe (Chrono Boost)  
  51  4:10  Pylon  
  54  4:23  Pylon  
  54  4:28  Probe x2 (Chrono Boost)  
  54  4:30  Disruptor  
  57  4:40  Probe x2 (Chrono Boost)  
  59  4:45  Pylon  
  59  4:49  Nexus  
  59  4:50  Pylon  
  61  4:53  Probe x2 (Chrono Boost)  
  61  4:54  Colossus  
  61  4:59  Sentry  
  63  5:00  Sentry  
  63  5:05  Probe x2 (Chrono Boost)  
  73  5:17  Probe (Chrono Boost)  
  73  5:18  Probe (Chrono Boost)  
  73  5:19  Pylon  
  73  5:20  Pylon  
  76  5:29  Probe (Chrono Boost)  
  76  5:30  Probe (Chrono Boost)  
  77  5:40  Twilight Council  
  77  5:41  Probe (Chrono Boost)  
  77  5:42  Forge, Probe (Chrono Boost)  
  79  5:43  Forge  
  79  5:46  Colossus  
  79  5:53  Probe (Chrono Boost)  
  79  5:54  Probe (Chrono Boost)  
  79  5:55  Stalker, Sentry  
  85  6:00  Stalker  
  85  6:02  Protoss Ground Weapons Level 1  
  88  6:05  Probe (Chrono Boost)  
  88  6:06  Probe (Chrono Boost)  
  88  6:08  Probe (Chrono Boost)  
  88  6:11  Pylon  
  96  6:12  Protoss Ground Armor Level 1  
  96  6:13  Shield Battery  
  96  6:17  Probe (Chrono Boost)  
  90  6:19  Probe (Chrono Boost)  
  90  6:20  Blink  
  90  6:21  Probe (Chrono Boost)  
  91  6:25  Assimilator  
  91  6:29  Probe (Chrono Boost)  
  91  6:30  Assimilator, Extended Thermal Lance  
  91  6:31  Probe (Chrono Boost)  
  93  6:35  Probe (Chrono Boost)  
  93  6:41  Probe (Chrono Boost), Pylon  
  93  6:43  Probe (Chrono Boost)  
  93  6:46  Pylon  
  95  6:49  Pylon  
  95  6:53  Colossus  
  95  6:59  Gateway  
  101  7:02  Gateway  
  101  7:04  Photon Cannon  
  101  7:06  Gateway  
  101  7:10  Stalker x3  
  107  7:25  Probe (Chrono Boost)  
  107  7:26  Shield Battery, Probe x2 (Chrono Boost)  
  110  7:33  Nexus  
  110  7:35  Stalker x3  
  116  7:44  Gateway  
  116  7:47  Gateway, Protoss Ground Weapons Level 2, Protoss Ground Armor Level 2  
  116  7:49  Immortal  
  120  7:55  Probe x3 (Chrono Boost)  
  123  8:00  Charge  
  123  8:06  Zealot x3  
  123  8:11  Pylon  
  128  8:13  Gateway  
  128  8:14  Gateway  
  127  8:26  Templar Archives  
  127  8:30  Immortal  
  131  8:37  Assimilator  
  131  8:42  Assimilator  
  131  8:48  Stalker x6  
  143  9:03  Pylon  
  143  9:06  Pylon  
  143  9:10  Nexus, Shield Battery  
  143  9:13  Shield Battery  
  143  9:14  Immortal  
  143  9:16  High Templar x4  
  155  9:18  High Templar  
  155  9:19  High Templar  
  155  9:20  Archon x2  
  155  9:22  Archon  
  159  9:46  Pylon x2  
  159  9:50  High Templar  
  159  9:51  High Templar x3  
  159  9:52  Zealot x3  
  173  9:53  Zealot x3  
  173  9:55  Archon x2  
  173  9:57  Pylon  
  175  10:03  Probe x2 (Chrono Boost)  
  169  10:09  Probe (Chrono Boost)  
  169  10:10  Probe (Chrono Boost)  
  165  10:14  Stalker x3  
  165  10:17  Probe x2 (Chrono Boost)  
  165  10:21  Probe (Chrono Boost)  
  167  10:23  Stalker x4  
  170  10:35  Probe x4 (Chrono Boost)  
  175  10:36  Probe (Chrono Boost)  
  175  10:37  Assimilator x2  
  175  10:42  High Templar x2  
  177  10:45  Zealot x2  
  177  10:46  Archon  
  177  10:56  Protoss Ground Weapons Level 3, Protoss Ground Armor Level 3  
  181  10:57  Probe x4 (Chrono Boost)  
  181  11:00  Probe (Chrono Boost)  
  181  11:01  High Templar x2, Zealot x4  
  194  11:07  Archon  
  194  11:15  Probe x2 (Chrono Boost)  
  196  11:25  Zealot x8  
  194  11:30  Probe x3 (Chrono Boost)  
  183  11:35  Probe (Chrono Boost)  
  174  11:44  Warp Prism  
  174  11:45  Photon Cannon  
  174  11:47  Stalker x3  
  183  11:58  Photon Cannon  
  187  12:05  Assimilator  
  187  12:06  Assimilator  
  178  12:18  Psionic Storm  
  144  12:31  High Templar x4  
  144  12:32  Zealot x6  
  164  12:38  Warp Prism  
  166  13:02  High Templar  
  166  13:03  High Templar x2  
  172  13:06  Photon Cannon x2  
  172  13:08  Nexus  
  172  13:11  Stargate  
  172  13:15  Photon Cannon  
  172  13:24  High Templar x3  
  178  13:27  Zealot x4  
  176  13:43  Protoss Shields Level 1  
  176  13:45  Stalker x3  
  170  13:53  Probe x3 (Chrono Boost)  
  170  13:54  Probe x2 (Chrono Boost)  
  161  14:05  Probe x3 (Chrono Boost)  
  161  14:08  High Templar x8  
  161  14:09  High Templar, Zealot  
  184  14:14  Archon x4  
  184  14:26  Pylon  
  184  14:28  Fleet Beacon  
  184  14:30  Assimilator  
  184  14:31  High Templar, Stargate  
  186  14:32  Assimilator  
  186  14:38  Photon Cannon  
  186  14:42  Zealot x7  
  186  15:01  Zealot x2  
  186  15:02  High Templar x2  
  186  15:03  High Templar x3  
  186  15:06  Archon  
  186  15:07  Archon  
  134  15:29  High Templar x4  
  134  15:30  Zealot  
  134  15:31  Immortal  
  134  15:36  Archon x2  
  130  15:44  Zealot x5, Robotics Facility  
  140  15:51  Zealot  
  140  15:54  Gateway x2  
  140  15:55  Gateway  
  142  15:59  Gateway  
  142  16:00  Immortal  
  98  16:04  Zealot x8  
  98  16:05  Zealot  
  108  16:20  High Templar x3  
  108  16:21  High Templar  
  108  16:24  Archon  
  116  16:26  High Templar x2, Archon  
  116  16:27  Zealot x2, Sentry  
  122  16:49  High Templar x4  
  122  16:50  Zealot x3  
  122  16:51  Zealot  
  138  16:54  Archon  
  138  16:55  Archon  
  138  17:06  High Templar x2, Zealot x3  
  138  17:07  Zealot  
  148  17:11  Archon  
  145  17:21  Zealot x4  
  153  17:23  High Templar x2  
  157  17:35  Stalker x3  
  163  17:39  Archon  
  163  17:40  Archon  
  155  17:46  Stalker  
  155  17:49  High Templar x4  
  155  17:50  Zealot x3  
  171  17:53  Archon  
  171  17:58  Zealot x2, Archon  
  151  18:08  Zealot x2  
  147  18:13  High Templar x3  
  147  18:14  High Templar  
  155  18:21  High Templar x2  
  159  18:34  Zealot x6  
  150  18:43  Nexus  
  121  18:59  Zealot x5  
  123  19:03  High Templar x3  
  125  19:13  High Templar x2  
  110  19:45  High Templar x2  
  109  19:46  Zealot x5  
  109  19:51  Archon  
  109  20:16  Pylon  
  109  20:20  Pylon  
  107  20:22  Pylon  
  107  20:25  Pylon  
  103  20:35  Pylon  
  103  20:40  Pylon  
  103  20:42  Pylon x2  
  103  20:56  Gateway  
  103  20:58  Gateway x2  
  103  21:01  Gateway  
  95  21:41  Probe (Chrono Boost)  
  95  21:43  Probe (Chrono Boost)  
  90  21:53  Probe (Chrono Boost)  
  92  21:55  Probe (Chrono Boost)  
  92  21:56  Nexus  
  92  21:59  Cybernetics Core  
  92  22:05  Probe (Chrono Boost)  
  92  22:07  Probe (Chrono Boost)  
  91  22:19  Probe (Chrono Boost)  
  89  22:26  Zealot x3  
  89  22:27  Zealot  
  77  23:05  Zealot, Sentry x2  
  79  23:10  Archon  
Tags
 
Add a new tag
Caveats
  • Supply blocks, unpowered buildings, or Contaminate may cause inaccurate times.
  • Supply counts are checked every 10 seconds.